 Dungeon Sprint DCSS version 0.24-a0-545-gd1b266b (webtiles) character file.

Game seed: 8452075037449929077

472 Faca the Fighter (level 6, -3/71 HPs)
             Began as a Minotaur Fighter on Aug 18, 2019.
             Was a High Priest of Uskayaw.
             Slain by an orc warrior
             ... wielding a +0 halberd
              (17 damage)
             ... in the Dungeon (Sprint IX: "|||||||||||||||||||||||||||||").
             The game lasted 00:01:00 (132 turns).

Faca the Fighter (Minotaur Fighter)                  Turns: 132, Time: 00:01:01

Health: -3/71      AC: 11    Str: 23    XL:     6   Next: 83%
Magic:  5/5        EV:  7    Int:  8    God:    Uskayaw [*****.]
Gold:   0          SH:  9    Dex:  9    Spells: 5/5 levels left

rFire    . . .     SeeInvis .   p - +2 morningstar (crush)
rCold    . . .     Gourm    .   c - +0 shield
rNeg     . . .     Faith    .   r - +1 scale mail
rPois    .         Spirit   .   (helmet restricted)
rElec    .         Reflect  .   q - +0 cloak
rCorr    .         Harm     .   (no gloves)
MR       .....     NoTele   +   (no boots)
Stlth    ..........             (no amulet)
HPRegen  0.21/turn              s - +3 ring of intelligence
MPRegen  0.09/turn              t - +2 ring of protection

@: starving
A: retaliatory headbutt, horns 2
a: Stomp, Line Pass, Grand Finale, Renounce Religion


You were in the Dungeon.
You worshipped Uskayaw.
Uskayaw was noncommittal.
You were starving.

You visited 1 branch

Inventory:

Hand Weapons
 a - a +0 flail
 p - a +2 morningstar of crushing (weapon)
Armour
 c - a +0 shield (worn)
 q - a +0 cloak (worn)
 r - a +1 scale mail (worn)
Jewellery
 s - a +3 ring of intelligence (left hand)
 t - a +2 ring of protection (right hand)
Wands
 o - a wand of acid (10)
Scrolls
 k - 2 scrolls of blinking
 m - 3 scrolls of remove curse
 n - 2 scrolls of amnesia
Potions
 d - a potion of might
 e - 5 potions of curing
 g - 3 potions of heal wounds
 h - a potion of haste
 i - 4 potions of magic
 j - a potion of berserk rage
 l - a potion of invisibility
Comestibles
 f - a ration


   Skills:
 + Level 12.5 Fighting
 + Level 12.3 Maces & Flails
 - Level 3.6 Armour
 - Level 3.6 Shields


You had 5 spell levels left.
You didn't know any spells.
Your spell library was empty.

Dungeon Overview and Level Annotations

Branches:
Dungeon (1/1)

Altars:
Cheibriados
Dithmenos
Elyvilon
Fedhas
Gozag
Hepliaklqana
Kikubaaqudgha
Makhleb
Nemelex Xobeh
Okawaru
Qazlal
Ru
Sif Muna
Trog
Uskayaw
Vehumet
Wu Jian
Xom
Yredelemnul
Zin
The Shining One
Beogh
Jiyva
Lugonu


Innate Abilities, Weirdness & Mutations

You reflexively headbutt those who attack you in melee.
You have a pair of horns on your head.


Message History

Uskayaw will force your foes to share their pain.
Uskayaw links your audience in an emotional bond!
You puncture the worker ant!
You kill the worker ant!
The orc warrior hits you from afar with a +0 halberd!
You can now merge with and destroy a victim.
You are starving!
The bullfrog is no longer sharing its pain.
The orc warrior hits you with a +0 halberd!
* * * LOW HITPOINT WARNING * * *
There is an open door to the Dungeon, spattered with blood here.
You closely miss the orc warrior.
The orc warrior is severely wounded.
The orc warrior is no longer sharing its pain.
The orc warrior hits you with a +0 halberd.
* * * LOW HITPOINT WARNING * * *
You barely miss the orc warrior. Your headbutt misses the orc warrior.
The orc warrior is severely wounded.
The orc warrior hits you with a +0 halberd!
You die...

▓.▓
▓|▓
▓)▓
▓.▓
▓[▓
▓.▓
▓[▓
▓.▓
▓@▓
▓o▓
▓F▓
▓.▓
▓.▓
▓.▓
▓.▓
▓+▓


You could see an orc warrior and a bullfrog.

Vanquished Creatures
  A troll (D)
  A hungry ghost (D)
  2 hounds (D)
  2 worker ants (D)
  An adder (D)
  A bat (D)
  A giant cockroach (D)
  A goblin (D)
  A hobgoblin (D)
  A kobold (D)
  A quokka (D)
  A rat (D)
14 creatures vanquished.

Vanquished Creatures (others)
  2 spatial maelstroms (D)
2 creatures vanquished.

Grand Total: 16 creatures vanquished

Notes
Turn   | Place    | Note
-------+----------+-------------------------------------------
     0 | D        | Faca the Minotaur Fighter began the quest for the Orb.
     0 | D        | Reached XP level 1. HP: 19/19 MP: 0/0
     3 | D        | Banished a spatial maelstrom
    15 | D        | Banished a spatial maelstrom
    20 | D        | Noticed a hound
    20 | D        | Noticed a hound
    26 | D        | Killed a hound
    26 | D        | Reached skill level 5 in Maces & Flails
    26 | D        | Reached XP level 2. HP: 28/31 MP: 1/1
    26 | D        | Reached XP level 3. HP: 34/38 MP: 2/2
    37 | D        | Reached XP level 4. HP: 42/48 MP: 3/3
    45 | D        | Found a roughly hewn altar of Beogh.
    45 | D        | Found a snail-covered altar of Cheibriados.
    45 | D        | Found a shadowy altar of Dithmenos.
    45 | D        | Found a white marble altar of Elyvilon.
    45 | D        | Found a blossoming altar of Fedhas.
    45 | D        | Found an opulent altar of Gozag.
    46 | D        | Found a hazy altar of Hepliaklqana.
    47 | D        | Found a viscous altar of Jiyva.
    48 | D        | Found an ancient bone altar of Kikubaaqudgha.
    49 | D        | Found a corrupted altar of Lugonu.
    50 | D        | Found a burning altar of Makhleb.
    51 | D        | Found a sparkling altar of Nemelex Xobeh.
    52 | D        | Found an iron altar of Okawaru.
    53 | D        | Found a stormy altar of Qazlal.
    54 | D        | Found a sacrificial altar of Ru.
    55 | D        | Found a shimmering blue altar of Sif Muna.
    56 | D        | Found a bloodstained altar of Trog.
    57 | D        | Found a hide-covered altar of Uskayaw.
    58 | D        | Found a radiant altar of Vehumet.
    59 | D        | Found an ornate altar of the Wu Jian Council.
    60 | D        | Found a shimmering altar of Xom.
    61 | D        | Found a basalt altar of Yredelemnul.
    62 | D        | Found a glowing silver altar of Zin.
    63 | D        | Found a glowing golden altar of the Shining One.
    65 | D        | Became a worshipper of Uskayaw the Reveler
   112 | D        | Noticed a hungry ghost
   112 | D        | Noticed a troll
   112 | D        | Noticed an orc warrior
   112 | D        | Noticed a bullfrog
   116 | D        | Reached * piety under Uskayaw
   123 | D        | Killed a hungry ghost
   123 | D        | Reached skill level 10 in Fighting
   123 | D        | Reached skill level 10 in Maces & Flails
   123 | D        | Reached XP level 5. HP: 59/59 MP: 4/4
   123 | D        | Reached ** piety under Uskayaw
   124 | D        | Reached *** piety under Uskayaw
   128 | D        | Killed a troll
   128 | D        | Reached XP level 6. HP: 45/71 MP: 5/5
   128 | D        | Reached **** piety under Uskayaw
   129 | D        | Reached ***** piety under Uskayaw
   132 | D        | Slain by an orc warrior

Levels and vault maps discovered:
D:        linesprint [early_d, line_temple, items_1, d_10, items_2, lair_1,
          lair_end, items_3, orc_1, orc_end, items_4, d_15, swamp_1, shoals_1,
          snake_1, spider_1, d_20, vaults_1, items_5, swamp_end, shoals_end,
          snake_end, spider_end, vaults_end, d_27, items_6, zot_1, zot_end,
          crypt_end, forest_end, elf_end, slime_end, tomb_end, abyss_end,
          pan_hell_end]

Skill      XL: |  1  2  3  4  5 |
---------------+----------------+-----
Fighting       | 6 7 10 12 | 12.5
Maces & Flails | 5 7 10 12 | 12.3
Armour         | |  3.6
Shields        | |  3.6

Action                   |  1- 3 |  4- 6 || total
-------------------------+-------+-------++-------
Melee: Flail             |    27 |     1 ||    28
       Headbutt          |     5 |       ||     5
       Morningstar       |       |    19 ||    19
 Stab: Paralysed         |       |     1 ||     1
Armor: Scale mail        |    14 |     9 ||    23
Dodge: Dodged            |     7 |     2 ||     9
Block: Shield            |    11 |     8 ||    19

Table legend:
 A = Non-vault XP
 B = Vault XP
 C = Vault XP percentage of total XP
 D = Non-vault monster count
 E = Vault monster count
 F = Vault count percentage of total count
                 A         B        C        D         E       F
            +---------+---------+-------+---------+---------+-------
      Total |       0 |     675 | 100.0 |       0 |      14 | 100.0
            +---------+---------+-------+---------+---------+-------
          D |       0 |     675 | 100.0 |       0 |      14 | 100.0
            +---------+---------+-------+---------+---------+-------
